 Dungeon Crawl Stone Soup version 0.31-a0-177-g4aa6249778 (webtiles) character file.

Game seed: 16490535337770686716

266 Irreverend the Chopper (level 6, -2/55 HPs)
             Began as a Minotaur Fighter on June 18, 2023.
             Slain by an iguana (12 damage)
             ... on level 4 of the Dungeon.
             The game lasted 00:02:08 (2428 turns).

Irreverend the Chopper (Minotaur Fighter)           Turns: 2428, Time: 00:02:09

Health: -2/55      AC:  7    Str: 23    XL:     6   Next: 0%
Magic:  5/5        EV:  9    Int:  5    God:
Gold:   116        SH:  4    Dex:  9    Spells: 5/5 levels left

rFire   . . .        a - +0 war axe
rCold   . . .        c - +0 buckler
rNeg    . . .        b - +0 scale mail
rPois   +            (helmet restricted)
rElec   .            (no cloak)
rCorr   .            (no gloves)
SInv    .            (no boots)
Will    .....        (no amulet) Stlth
                     u - ring of poison resistance
HPRegen 0.29/turn    (no ring)
MPRegen 0.09/turn

%: no passive effects
@: no status effects
A: horns 2, retaliatory headbutt
a: no special abilities


You were on level 4 of the Dungeon.
You visited 1 branch of the dungeon, and saw 4 of its levels.

You collected 116 gold pieces.

Inventory:

Hand Weapons
 a - a +0 war axe (weapon)
Missiles
 n - a throwing net
Armour
 b - a +0 scale mail (worn)
 c - a +0 buckler (worn)
Jewellery
 g - an amulet of magic regeneration
 u - a ring of poison resistance (left hand)
 y - a ring of willpower
Wands
 x - a wand of paralysis (5)
 z - a wand of flame (10)
Scrolls
 e - 3 scrolls of identify {unknown}
 h - 2 scrolls of amnesia {unknown}
 i - 3 scrolls of teleportation {unknown}
 v - a scroll of noise {unknown}
 w - a scroll of silence {unknown}
Potions
 d - 2 potions of might
 f - a potion of brilliance {unknown}
 j - 3 potions of lignification {unknown}
 k - a potion of magic {unknown}
 l - a potion of heal wounds {unknown}
 m - a potion of mutation {unknown}
 o - a potion of berserk rage {unknown}
 p - a potion of attraction {unknown}
 q - 3 potions of curing {unknown}
 r - a potion of resistance {unknown}
 s - a potion of degeneration {unknown}
 t - a potion of ambrosia {unknown}


   Skills:
 + Level 4.9 Fighting
 * Level 5.1 Axes
 + Level 4.7 Armour
 + Level 4.8 Shields


You had 5 spell levels left.
You didn't know any spells.
Your spell library contained the following spells:

 Spells                   Type           Power      Damage    Failure   Level
 Freeze                   Ice            0%         1d3       83%         1
 Slow                     Hex            0%         N/A       83%         1
 Confusing Touch          Hex            0%         N/A       99%         3
 Frozen Ramparts          Ice            0%         1d1       99%         3
 Hailstorm                Conj/Ice       0%         3d3       99%         3
 Portal Projectile        Hex/Tloc       0%         N/A       99%         3
 Vampiric Draining        Necr           0%         2d6       99%         3
 Cause Fear               Hex            0%         N/A       100%        4
 Flame Wave               Conj/Fire      0%         2d4       100%        4
 Ignition                 Fire           0%         3d3       100%        8


Dungeon Overview and Level Annotations

Branches:
Dungeon (4/15)
 Temple: D:4-7

Altars:
The Shining One

Shops:
D:2 [   D:3 [


Innate Abilities, Weirdness & Mutations

You have a pair of horns on your head.
You reflexively headbutt those who attack you in melee.


Message History

You are too injured to fight recklessly!
You are too injured to fight recklessly!
You are too injured to fight recklessly!
You are too injured to fight recklessly!
You are too injured to fight recklessly!
You are too injured to fight recklessly!
You are too injured to fight recklessly!
You are too injured to fight recklessly!
You are too injured to fight recklessly!
You are too injured to fight recklessly!
You are too injured to fight recklessly!
You are too injured to fight recklessly!
You are too injured to fight recklessly!
You are too injured to fight recklessly!
You are too injured to fight recklessly!
You are too injured to fight recklessly!
You are too injured to fight recklessly!
You are too injured to fight recklessly!
You are too injured to fight recklessly!
You are too injured to fight recklessly!
You are too injured to fight recklessly!
You closely miss the iguana.
The iguana is severely wounded.
The iguana completely misses you.
You closely miss the iguana.
The iguana is severely wounded.
The iguana bites you.
The iguana bites you but does no damage.
You completely miss the iguana. Your headbutt misses the iguana.
The iguana is severely wounded.
The iguana bites you.
You closely miss the iguana.
The iguana is severely wounded.
The iguana closely misses you.
You barely miss the iguana. You headbutt the iguana.
The iguana is almost dead.
The iguana bites you!
* * * LOW HITPOINT WARNING * * *
The iguana bites you!
You die...

###.###.......
#.....#.....## ..
#####..#..#...###. ...
##.##...#......#### #...#
#...#..#........###
#.....#......##..........
........##....#.......|..
.......#.###...).........
##......@##..#8).)..8#..#
##..##.l###.#()))...#..#
### ##.. #.#8.....8##..
....###.......# .. ....#
#8.....8# .. ......
#.......# ..
.....###8.....8# .
.....## #..[....#
#########


You could see an iguana.

Vanquished Creatures
  Blork the orc (D:4)
  An iguana (D:2)
  Natasha (thrice) (D:3)
  3 adders
  2 dart slugs
  3 orcs (D:4)
  3 ball pythons
  5 bats
  5 endoplasms
  A giant cockroach (D:1)
  10 hobgoblins
  2 kobolds
  5 quokkas
  4 frilled lizards
  12 goblins
  3 rats
63 creatures vanquished.

Notes
Turn   | Place    | Note
-------+----------+-------------------------------------------
     0 | D:1      | Irreverend the Minotaur Fighter began the quest for the
                  | Orb.
     0 | D:1      | Reached XP level 1. HP: 19/19 MP: 0/0
   133 | D:1      | Reached XP level 2. HP: 27/27 MP: 1/1
   442 | D:1      | Reached skill level 3 in Axes
   702 | D:2      | Reached XP level 3. HP: 33/33 MP: 2/2
   787 | D:2      | Got the Omnibus of the Weird Dragon
   929 | D:2      | Reached XP level 4. HP: 28/40 MP: 3/3
  1108 | D:2      | Found Edwafosu's Armour Boutique.
  1316 | D:3      | Found a glowing golden altar of the Shining One.
  1433 | D:3      | Found Boileaxtedd's Armour Shop.
  1522 | D:3      | Noticed Natasha
  1524 | D:3      | Killed Natasha
  1525 | D:3      | Reached skill level 4 in Axes
  1543 | D:3      | Noticed Natasha
  1549 | D:3      | Killed Natasha
  1954 | D:3      | Noticed Natasha
  1956 | D:3      | Killed Natasha
  1957 | D:3      | Reached XP level 5. HP: 47/47 MP: 4/4
  2263 | D:4      | Noticed Blork the orc
  2268 | D:4      | Killed Blork the orc
  2302 | D:4      | Reached skill level 5 in Axes
  2391 | D:4      | Reached XP level 6. HP: 55/55 MP: 5/5
  2428 | D:4      | Slain by an iguana

Illustrated notes

Levels and vault maps discovered:
D:1:      minmay_arrival_semitransparent, layout_basic,
          corexii_item_surrounded_by_moat
D:2:      layout_loops_cross, serial_shops, nicolae_shop_hallway_plus
D:3:      layout_loops_corners, mainiacjoe_overflow_alcove_1, serial_shops,
          nicolae_shop_crystal, minmay_door_square, dreamdust_princess_bridge,
          uniq_natasha
D:4:      kennysheep_the_goblin_king, layout_cave_pools,
          mainiacjoe_overflow_tiny_flanked, mainiacjoe_overflow_alcove_4,
          grunt_qazlal_sundering, serial_shops, nicolae_shop_window_shopping,
          uniq_blork_the_orc, uniq_sigmund, uniq_pikel

Skill      XL: |  1  2  3  4  5 |
---------------+----------------+-----
Axes           | 3 4 5 |  5.1
Fighting       | 4 |  4.9
Shields        | 4 |  4.8
Armour         | 4 |  4.7

Action                     |  1- 3 |  4- 6 || total
---------------------------+-------+-------++-------
  Melee: War axe           |    52 |    56 ||   108
         Headbutt          |     6 |    11 ||    17
 Armour: Scale mail        |    15 |    20 ||    35
  Dodge: Dodged            |    22 |    25 ||    47
  Block: Buckler           |     8 |     9 ||    17

Table legend: (Time is in decaauts)
 A = Elapsed time spent in this place.
 B = Non-inter-level travel time spent in this place.
 C = Inter-level travel time spent in this place.
 D = Time resting spent in this place.
 E = Time spent auto-exploring this place.
 F = Levels seen in this place.
 G = Mean time per level.
                   A        B        C        D        E       F      G
               +--------+--------+--------+--------+--------+-----+--------+
         Total |   2462 |   2410 |     52 |      0 |   2097 |   4 |  615.5 |
       Dungeon |   2462 |   2410 |     52 |      0 |   2097 |   4 |  615.5 |
               +--------+--------+--------+--------+--------+-----+--------+

Top non-repeatable levels by time:
     D:3: 975 daAuts
     D:1: 699 daAuts
     D:2: 614 daAuts
     D:4: 172 daAuts
